 Dungeon Crawl Stone Soup version 0.31-a0-636-ge1c0e020e0 (webtiles) character file.

Game seed: 11851852061365555784

5 Descartes the Sneak (level 1, 0/11 HPs)
             Began as a Spriggan Delver on Aug 26, 2023.
             Slain by a rat (1 damage)
             ... in a sewer.
             The game lasted 00:00:45 (212 turns).

Descartes the Sneak (Spriggan Delver)                Turns: 212, Time: 00:00:47

Health: 0/11       AC:  2    Str:  8    XL:     1   Next: 66%
Magic:  2/2        EV: 14    Int: 11    God:
Gold:   18         SH:  0    Dex: 16    Spells: 0/0 levels left

rFire   . . .        a - +0 short sword
rCold   . . .        (no shield)
rNeg    . . .        b - +0 robe
rPois   .            (helmet restricted)
rElec   .            (no cloak)
rCorr   .            (gloves unavailable)
SInv    +            (boots unavailable)
Will    .....        (no amulet)
Stlth   ++           (no ring)
HPRegen 0.21/turn    (no ring)
MPRegen 0.08/turn

%: no passive effects
@: constricted, slow
A: very small, no large weapons, unfitting armour, see invisible, speed 3
a: no special abilities


You were in a sewer.
You visited 1 branch of the dungeon, and saw 2 of its levels.
You also visited: Sewer.

You collected 18 gold pieces.

Inventory:

Hand Weapons
 a - a +0 short sword (weapon)
Armour
 b - a +0 robe (worn)
Wands
 g - a wand of digging (3)
Scrolls
 c - a scroll of fog
 e - a scroll of fear
 h - a scroll of teleportation {unknown}


   Skills:
 + Level 2.5 Fighting
 + Level 2.3 Short Blades
 + Level 2.9 Dodging
 + Level 7.3 Stealth


You couldn't memorise any spells.
You didn't know any spells.
Your spell library was empty.

Dungeon Overview and Level Annotations

Branches:
Dungeon (5/15)              Sewer (1/1)
 Temple: D:4-7

Altars:


Innate Abilities, Weirdness & Mutations

You are very small and have problems with some larger weapons.
You are too small for most types of armour.
You have supernaturally acute eyesight. (SInv)
You cover ground extremely quickly. (Speed+++)


Message History

You closely miss the rat. The ball python completely misses you.
The ball python grabs you. The ball python constricts you. The rat bites you.
You barely miss the ball python. The ball python bites you.
The ball python constricts you. The rat bites you.
The rat splashes around in the water.
You are too injured to fight recklessly!
You are too injured to fight recklessly!
You are too injured to fight recklessly!
You are too injured to fight recklessly!
You are too injured to fight recklessly!
You are too injured to fight recklessly!
You are too injured to fight recklessly!
You are too injured to fight recklessly!
You are too injured to fight recklessly!
You are too injured to fight recklessly!
You are too injured to fight recklessly!
You are too injured to fight recklessly!
You are too injured to fight recklessly!
You are too injured to fight recklessly!
Unknown command.
You closely miss the rat. The rat closely misses you.
The ball python bites you but does no damage.
The ball python constricts you.
The rat twitches its whiskers.
The rat closely misses you.
The rat splashes around in the water.
Your unstable footing causes you to fumble your attack.
The ball python bites you but does no damage.
The ball python constricts you.
* * * LOW HITPOINT WARNING * * *
The rat closely misses you. The rat completely misses you.
The rat barely misses you.
Unknown command.
You hit the rat.
The rat is severely wounded.
The ball python bites you.
* * * LOW HITPOINT WARNING * * *
The ball python constricts you.
* * * LOW HITPOINT WARNING * * *
The rat barely misses you. The rat bites you.
You die...

.. ... #... #...#
###################....#
.#≈≈≈≈≈≈≈≈≈≈≈≈≈≈≈#.....#
.~≈~≈~~~~≈≈.≈~≈≈≈S....#
..≈≈~~~~#~#~~~~~@r....#
..~~≈~≈≈~~~≈≈~~≈rr....#
.~~~≈≈≈~≈.≈≈≈≈≈≈~....##
..~≈≈≈≈≈≈≈≈≈≈≈≈≈≈#.###
####################


You could see a ball python and 3 rats.

Vanquished Creatures
  A giant cockroach (D:4)
  2 quokkas (D:4)
  2 rats (Sewer)
5 creatures vanquished.

Notes
Turn   | Place    | Note
-------+----------+-------------------------------------------
     0 | D:5      | Descartes the Spriggan Delver began the quest for the Orb.
     0 | D:5      | Reached XP level 1. HP: 11/11 MP: 2/2
    97 | D:4      | Found a glowing drain.
   133 | Sewer    | Entered a sewer
   212 | Sewer    | Slain by a rat

Illustrated notes

Levels and vault maps discovered:
D:4:      layout_basic, gammafunk_ghost_arena, serial_shops, shop, shop,
          nicolae_shop_mannequins, nicolae_shop_tiny_real_fake_doors, shop,
          gup_sewer_entry_pipe, hangedman_decor_push,
          chequers_serial_rivers_large_a, kennysheep_decorative_pillar
D:5:      layout_rooms
Sewer:    sewer_minmay_w

Action                     || total
---------------------------++-------
  Melee: Short sword       ||    32
    Use: Scroll            ||     1
         Potion            ||     1
 Armour: Robe              ||     4
  Dodge: Dodged            ||    33

Table legend: (Time is in decaauts)
 A = Elapsed time spent in this place.
 B = Non-inter-level travel time spent in this place.
 C = Inter-level travel time spent in this place.
 D = Time resting spent in this place.
 E = Time spent auto-exploring this place.
 F = Levels seen in this place.
 G = Mean time per level.
                   A        B        C        D        E       F      G
               +--------+--------+--------+--------+--------+-----+--------+
         Total |    149 |    149 |      0 |      0 |     96 |   3 |   49.7 |
       Dungeon |     78 |     78 |      0 |      0 |     41 |   2 |   39.0 |
         Sewer |     71 |     71 |      0 |      0 |     54 |   1 |   71.0 |
               +--------+--------+--------+--------+--------+-----+--------+

Top non-repeatable levels by time:
   Sewer: 71 daAuts
     D:5: 58 daAuts
     D:4: 20 daAuts
